[ AOE2 MATCH · #477124090 ]
UnrankedItalians vs Koreans
[ REPLAY ANALYSIS · EXTRACTED FROM THE RECORDED GAME ]
Feudal
13:13
Castle
17:33
Imperial
—
| APM avg | 37.7 |
| APM peak | 103 |
| eAPM avg | 18.4 |
| Villagers / military | 76 / 29 |
Focus
⚔️ 22.3% · 🌾 77.7%
Genoese Crossbowman ×17 · Fishing Ship ×13 · Fire Galley ×8 · Mangonel ×3 · Monk ×1
Feudal
13:26
Castle
19:53
Imperial
—
| APM avg | 37.0 |
| APM peak | 70 |
| eAPM avg | 16.1 |
| Villagers / military | 71 / 44 |
Focus
⚔️ 27.2% · 🌾 72.8%
Spearman ×19 · Fishing Ship ×19 · Galley ×17 · Demolition Raft ×6 · Trade Cog ×2 · Monk ×1
Feudal
13:54
Castle
19:39
Imperial
—
| APM avg | 41.6 |
| APM peak | 94 |
| eAPM avg | 21.6 |
| Villagers / military | 79 / 11 |
Focus
⚔️ 20.8% · 🌾 79.2%
Fishing Ship ×15 · Turtle Ship ×5 · War Wagon ×4 · Unknown (2626) ×4 · Fire Galley ×2
Feudal
18:44
Castle
24:44
Imperial
—
| APM avg | 37.6 |
| APM peak | 80 |
| eAPM avg | 19.8 |
| Villagers / military | 100 / 7 |
Focus
⚔️ 33.7% · 🌾 66.3%
Unknown (2626) ×6 · Fishing Ship ×5 · Monk ×4 · Mangonel ×3
Feudal
12:47
Castle
16:46
Imperial
31:46
| APM avg | 41.5 |
| APM peak | 92 |
| eAPM avg | 23.0 |
| Villagers / military | 121 / 22 |
Focus
⚔️ 19.3% · 🌾 80.7%
Fishing Ship ×22 · Knight ×10 · Mangonel ×8 · Fire Galley ×2 · Scout Cavalry ×1 · Trebuchet (Packed) ×1
Feudal
14:35
Castle
22:15
Imperial
—
| APM avg | 28.7 |
| APM peak | 70 |
| eAPM avg | 15.0 |
| Villagers / military | 79 / 30 |
Focus
⚔️ 31.1% · 🌾 68.9%
Rattan Archer ×25 · Fishing Ship ×14 · Unknown (2626) ×7 · Fire Galley ×4 · Demolition Raft ×1
Match map
Initial resources + every placement click. Lines = walls · curves = elevation contours. ◆ gold · ⬟ stone · ● berries · ✦ relic · ◌ wall gap
Your base· Open — 10t gap
low_eco_legends's base· Open — 5t gap
[AoT]DerPhysiker's base· Open — 11t gap
XxX_Ricardo_2018_Max_XxX's base· Open — 13t gap
[AoT]Drachyr's base· Open — 4t gap
Maech_'s base· Open — 7t gap
Smoothed initial terrain · ◌ = detected wall gap · hover for details
Inputs per minute
— Malthael - - low_eco_legends
Build order — Malthael
First 150 of 193 actions detected
| 0:28 | Build | Town Center |
| 1:20 | Build | Dock |
| 2:09 | Build | House |
| 2:43 | Create | Villager (Male) |
| 2:43 | Create | Villager (Male) |
| 2:45 | Create | Villager (Male) |
| 3:16 | Create | Villager (Male) |
| 3:40 | Create | Fishing Ship |
| 3:41 | Create | Fishing Ship |
| 4:19 | Research | Loom |
| 4:19 | Research | Loom |
| 4:36 | Create | Villager (Male) |
| 4:41 | Create | Fishing Ship |
| 4:58 | Create | Villager (Male) |
| 5:07 | Build | House |
| 5:32 | Create | Villager (Male) |
| 5:57 | Create | Villager (Male) |
| 5:58 | Create | Villager (Male) |
| 6:15 | Create | Villager (Male) |
| 6:36 | Create | Fishing Ship |
| 6:46 | Create | Villager (Male) |
| 6:46 | Create | Villager (Male) |
| 6:47 | Create | Villager (Male) |
| 6:58 | Create | Villager (Male) |
| 7:05 | Create | Fishing Ship |
| 7:06 | Create | Fishing Ship |
| 7:24 | Create | Villager (Male) |
| 7:33 | Build | House |
| 7:59 | Create | Villager (Male) |
| 8:04 | Create | Fishing Ship |
| 8:07 | Build | House |
| 8:37 | Create | Villager (Male) |
| 8:43 | Create | Fishing Ship |
| 8:44 | Create | Fishing Ship |
| 8:58 | Create | Villager (Male) |
| 9:29 | Create | Villager (Male) |
| 9:31 | Create | Fishing Ship |
| 9:41 | Create | Fishing Ship |
| 9:59 | Create | Villager (Male) |
| 10:09 | Build | Lumber Camp |
| 10:25 | Create | Villager (Male) |
| 10:48 | Create | Villager (Male) |
| 10:55 | Build | House |
| 10:59 | Research | Feudal Age |
| 12:01 | Build | Mining Camp |
| 12:06 | Create | Villager (Male) |
| 12:12 | Build | House |
| 12:15 | Create | Villager (Male) |
| 12:17 | Create | Villager (Male) |
| 12:37 | Create | Fishing Ship |
| 13:13 | Age | Feudal Age |
| 13:16 | Create | Villager (Male) |
| 13:26 | Build | Blacksmith |
| 13:31 | Build | Mill |
| 13:42 | Research | Double-Bit Axe |
| 13:42 | Research | Double-Bit Axe |
| 13:46 | Create | Fire Galley |
| 14:07 | Build | Market |
| 14:35 | Build | Mining Camp |
| 14:49 | Research | Castle Age |
| 15:08 | Research | Stone Mining |
| 15:11 | Research | Horse Collar |
| 15:51 | Build | Dock |
| 16:01 | Create | Villager (Male) |
| 16:12 | Create | Villager (Male) |
| 16:57 | Research | Gold Mining |
| 17:08 | Create | Fire Galley |
| 17:20 | Build | House |
| 17:33 | Age | Castle Age |
| 17:46 | Create | Villager (Male) |
| 17:46 | Create | Villager (Male) |
| 18:02 | Research | War Galley (upgrade) |
| 18:07 | Create | Fire Galley |
| 18:08 | Create | Fire Galley |
| 18:12 | Create | Fire Galley |
| 18:21 | Research | Bow Saw |
| 18:21 | Research | Bow Saw |
| 18:21 | Research | Bow Saw |
| 19:04 | Build | Palisade Wall |
| 19:06 | Build | Palisade Wall |
| 19:09 | Build | Palisade Wall |
| 19:16 | Build | Castle |
| 19:25 | Create | Villager (Male) |
| 19:26 | Create | Villager (Male) |
| 19:26 | Create | Villager (Male) |
| 19:27 | Create | Villager (Male) |
| 19:27 | Create | Villager (Male) |
| 19:37 | Create | Fire Galley |
| 19:40 | Create | Fire Galley |
| 19:47 | Create | Villager (Male) |
| 19:59 | Create | Fire Galley |
| 20:16 | Create | Genoese Crossbowman |
| 20:16 | Create | Genoese Crossbowman |
| 20:17 | Create | Genoese Crossbowman |
| 20:18 | Research | Fletching |
| 20:19 | Research | Fletching |
| 20:19 | Research | Fletching |
| 20:32 | Build | Monastery |
| 20:45 | Build | House |
| 20:46 | Build | House |
| 20:48 | Create | Genoese Crossbowman |
| 20:51 | Research | Padded Archer Armor |
| 20:53 | Create | Villager (Male) |
| 21:08 | Create | Villager (Male) |
| 21:13 | Create | Genoese Crossbowman |
| 21:14 | Create | Genoese Crossbowman |
| 21:20 | Create | Monk |
| 21:38 | Research | Bodkin Arrow |
| 21:38 | Research | Bodkin Arrow |
| 21:42 | Build | Farm |
| 21:44 | Build | Farm |
| 21:46 | Build | Farm |
| 21:49 | Build | Farm |
| 21:51 | Create | Villager (Male) |
| 22:09 | Create | Villager (Male) |
| 22:38 | Create | Villager (Male) |
| 22:41 | Create | Genoese Crossbowman |
| 22:41 | Create | Genoese Crossbowman |
| 22:46 | Build | Siege Workshop |
| 23:12 | Create | Villager (Male) |
| 23:27 | Build | Siege Workshop |
| 23:34 | Create | Genoese Crossbowman |
| 23:35 | Create | Villager (Male) |
| 23:39 | Create | Fishing Ship |
| 23:52 | Build | Farm |
| 24:02 | Create | Mangonel |
| 24:19 | Build | Farm |
| 24:19 | Create | Villager (Male) |
| 24:58 | Create | Villager (Male) |
| 24:59 | Create | Villager (Male) |
| 25:03 | Build | Town Center |
| 25:12 | Research | Town Watch |
| 25:13 | Create | Genoese Crossbowman |
| 25:14 | Create | Genoese Crossbowman |
| 25:25 | Create | Mangonel |
| 25:51 | Build | Town Center |
| 26:18 | Create | Villager (Male) |
| 26:19 | Create | Mangonel |
| 26:38 | Create | Villager (Male) |
| 26:38 | Create | Villager (Male) |
| 26:39 | Create | Villager (Male) |
| 26:40 | Create | Villager (Male) |
| 26:40 | Create | Villager (Male) |
| 26:52 | Build | Town Center |
| 27:04 | Create | Villager (Male) |
| 27:04 | Create | Villager (Male) |
| 27:04 | Create | Villager (Male) |
| 27:05 | Create | Villager (Male) |
| 27:05 | Create | Villager (Male) |
| 27:06 | Create | Villager (Male) |
Build order — low_eco_legends
First 150 of 203 actions detected
| 0:13 | Build | Town Center |
| 1:34 | Build | Dock |
| 2:33 | Create | Villager (Male) |
| 2:33 | Create | Villager (Male) |
| 2:35 | Create | Villager (Male) |
| 2:36 | Create | Villager (Male) |
| 2:36 | Create | Villager (Male) |
| 3:01 | Research | Loom |
| 3:02 | Create | Villager (Male) |
| 3:03 | Create | Villager (Male) |
| 3:03 | Create | Villager (Male) |
| 3:28 | Create | Fishing Ship |
| 4:19 | Build | House |
| 4:23 | Build | House |
| 4:47 | Create | Villager (Male) |
| 4:47 | Create | Villager (Male) |
| 5:21 | Create | Fishing Ship |
| 5:37 | Build | House |
| 5:50 | Create | Villager (Male) |
| 5:59 | Build | House |
| 6:12 | Create | Fishing Ship |
| 6:46 | Create | Villager (Male) |
| 6:51 | Build | House |
| 7:13 | Create | Villager (Male) |
| 7:13 | Create | Villager (Male) |
| 7:18 | Build | House |
| 7:37 | Create | Fishing Ship |
| 7:38 | Create | Villager (Male) |
| 8:16 | Create | Villager (Male) |
| 8:21 | Create | Fishing Ship |
| 8:49 | Create | Villager (Male) |
| 8:50 | Create | Fishing Ship |
| 9:03 | Build | House |
| 9:23 | Create | Villager (Male) |
| 9:52 | Create | Villager (Male) |
| 9:58 | Create | Villager (Male) |
| 10:19 | Create | Villager (Male) |
| 10:27 | Build | Mining Camp |
| 10:28 | Create | Fishing Ship |
| 10:48 | Build | House |
| 11:16 | Research | Feudal Age |
| 12:07 | Build | Dock |
| 12:13 | Build | House |
| 13:19 | Create | Villager (Male) |
| 13:20 | Create | Villager (Male) |
| 13:26 | Age | Feudal Age |
| 13:26 | Create | Galley |
| 13:27 | Create | Galley |
| 13:30 | Build | Blacksmith |
| 13:41 | Build | Mill |
| 13:58 | Create | Galley |
| 14:20 | Create | Villager (Male) |
| 14:24 | Create | Fishing Ship |
| 14:29 | Research | Fletching |
| 14:32 | Build | House |
| 14:34 | Create | Villager (Male) |
| 14:47 | Create | Villager (Male) |
| 15:22 | Create | Fishing Ship |
| 15:22 | Create | Fishing Ship |
| 15:25 | Create | Fishing Ship |
| 15:27 | Create | Villager (Male) |
| 15:57 | Create | Villager (Male) |
| 16:22 | Build | Market |
| 16:31 | Create | Villager (Male) |
| 17:13 | Research | Castle Age |
| 17:36 | Create | Galley |
| 17:36 | Create | Galley |
| 17:38 | Create | Villager (Male) |
| 18:02 | Build | Lumber Camp |
| 18:34 | Create | Demolition Raft |
| 18:36 | Create | Galley |
| 18:36 | Create | Galley |
| 18:49 | Create | Villager (Male) |
| 18:50 | Create | Villager (Male) |
| 18:52 | Research | Double-Bit Axe |
| 19:13 | Create | Demolition Raft |
| 19:17 | Build | House |
| 19:50 | Build | Dock |
| 19:53 | Create | Galley |
| 19:53 | Age | Castle Age |
| 19:54 | Create | Galley |
| 19:58 | Research | Bodkin Arrow |
| 20:07 | Research | War Galley (upgrade) |
| 20:20 | Create | Villager (Male) |
| 20:20 | Create | Villager (Male) |
| 21:27 | Build | Town Center |
| 21:41 | Create | Villager (Male) |
| 21:41 | Create | Villager (Male) |
| 21:41 | Create | Villager (Male) |
| 21:42 | Create | Villager (Male) |
| 21:47 | Research | Bow Saw |
| 21:53 | Build | House |
| 21:58 | Build | House |
| 22:01 | Build | Palisade Wall |
| 22:04 | Build | House |
| 22:07 | Build | Palisade Wall |
| 22:09 | Build | Palisade Wall |
| 22:13 | Build | Monastery |
| 22:50 | Create | Trade Cog |
| 22:51 | Create | Trade Cog |
| 22:55 | Create | Galley |
| 22:55 | Create | Galley |
| 22:56 | Create | Villager (Male) |
| 22:56 | Create | Villager (Male) |
| 22:56 | Create | Villager (Male) |
| 22:57 | Create | Villager (Male) |
| 23:06 | Create | Monk |
| 23:16 | Research | Tech 905 |
| 23:19 | Create | Villager (Male) |
| 23:19 | Create | Villager (Male) |
| 23:34 | Build | House |
| 24:00 | Create | Demolition Raft |
| 24:00 | Create | Demolition Raft |
| 24:02 | Create | Villager (Male) |
| 24:02 | Create | Villager (Male) |
| 24:02 | Create | Villager (Male) |
| 24:03 | Create | Villager (Male) |
| 24:03 | Create | Villager (Male) |
| 24:34 | Create | Fishing Ship ×2 |
| 24:35 | Create | Fishing Ship ×2 |
| 24:55 | Create | Villager (Male) |
| 24:55 | Create | Villager (Male) |
| 25:43 | Create | Demolition Raft |
| 25:44 | Create | Demolition Raft |
| 25:44 | Create | Villager (Male) |
| 25:44 | Create | Villager (Male) |
| 25:45 | Create | Villager (Male) |
| 25:45 | Create | Villager (Male) |
| 25:50 | Build | Farm |
| 25:50 | Build | Farm |
| 25:51 | Build | Farm |
| 25:51 | Build | Farm |
| 25:51 | Build | Farm |
| 25:52 | Build | Farm |
| 25:52 | Build | Farm |
| 25:52 | Build | Farm |
| 25:53 | Build | Farm |
| 25:53 | Build | Farm |
| 26:13 | Create | Fire Galley |
| 26:37 | Create | Galley |
| 26:37 | Create | Galley |
| 26:37 | Create | Galley |
| 26:40 | Build | House |
| 26:41 | Build | House |
| 27:02 | Build | House |
| 27:03 | Build | House |
| 27:07 | Build | House |
| 27:17 | Create | Galley |
| 27:17 | Create | Galley |
| 27:18 | Create | Galley |
Build order — [AoT]DerPhysiker
First 150 of 179 actions detected
| 0:08 | Build | Town Center |
| 0:43 | Build | Dock |
| 0:45 | Build | House |
| 2:32 | Create | Villager (Male) |
| 2:32 | Create | Villager (Male) |
| 2:32 | Create | Villager (Male) |
| 2:33 | Create | Villager (Male) |
| 2:33 | Create | Villager (Male) |
| 3:17 | Build | Palisade Wall |
| 3:51 | Research | Loom |
| 3:51 | Research | Loom |
| 4:20 | Build | House |
| 4:30 | Create | Fishing Ship |
| 4:48 | Create | Fishing Ship |
| 4:48 | Create | Fishing Ship |
| 5:29 | Create | Villager (Male) |
| 5:30 | Create | Villager (Male) |
| 5:51 | Create | Villager (Male) |
| 5:51 | Create | Villager (Male) |
| 5:53 | Create | Fishing Ship |
| 5:53 | Create | Fishing Ship |
| 6:25 | Create | Villager (Male) |
| 6:25 | Create | Villager (Male) |
| 6:31 | Create | Villager (Male) |
| 6:47 | Build | House |
| 6:55 | Create | Villager (Male) |
| 6:55 | Create | Villager (Male) |
| 7:03 | Create | Villager (Male) |
| 7:29 | Create | Villager (Male) |
| 7:30 | Create | Villager (Male) |
| 7:37 | Create | Villager (Male) |
| 7:49 | Build | Mill |
| 8:10 | Create | Villager (Male) |
| 8:10 | Create | Villager (Male) |
| 8:11 | Create | Villager (Male) |
| 8:11 | Create | Fishing Ship |
| 8:22 | Build | House |
| 8:38 | Create | Villager (Male) |
| 8:38 | Create | Villager (Male) |
| 8:59 | Create | Villager (Male) |
| 8:59 | Create | Villager (Male) |
| 9:20 | Create | Villager (Male) |
| 9:29 | Build | House |
| 9:30 | Create | Villager (Male) |
| 9:30 | Create | Villager (Male) |
| 10:02 | Build | Palisade Wall |
| 10:03 | Build | Palisade Wall |
| 10:27 | Create | Villager (Male) |
| 10:28 | Create | Fishing Ship |
| 10:28 | Create | Fishing Ship |
| 10:50 | Build | Palisade Wall |
| 11:00 | Create | Villager (Male) |
| 11:21 | Build | Dock |
| 11:45 | Research | Feudal Age |
| 11:45 | Research | Feudal Age |
| 11:54 | Build | Mining Camp |
| 12:05 | Build | Palisade Wall |
| 12:35 | Build | House |
| 13:34 | Build | Palisade Gate |
| 13:47 | Create | Villager (Male) |
| 13:54 | Age | Feudal Age |
| 13:58 | Create | Unit 2626 |
| 13:59 | Create | Unit 2626 |
| 14:11 | Create | Unit 2626 |
| 14:15 | Create | Unit 2626 |
| 14:19 | Create | Villager (Male) |
| 14:22 | Build | Blacksmith |
| 14:43 | Create | Villager (Male) |
| 15:07 | Build | Market |
| 15:08 | Create | Villager (Male) |
| 15:28 | Build | House |
| 15:32 | Build | House |
| 15:33 | Create | Villager (Male) |
| 16:09 | Create | Villager (Male) |
| 16:13 | Build | House |
| 16:29 | Create | Villager (Male) |
| 16:46 | Create | Fire Galley |
| 16:52 | Research | Castle Age |
| 16:52 | Research | Castle Age |
| 17:28 | Research | Fletching |
| 17:29 | Research | Fletching |
| 17:55 | Create | Villager (Male) |
| 18:14 | Build | Mining Camp |
| 18:22 | Create | Fishing Ship |
| 18:24 | Create | Fishing Ship |
| 18:25 | Create | Fishing Ship |
| 18:28 | Build | House |
| 18:41 | Create | Fire Galley |
| 18:48 | Build | House |
| 18:50 | Build | House |
| 19:13 | Research | Tech 906 |
| 19:15 | Create | Fishing Ship |
| 19:39 | Age | Castle Age |
| 19:52 | Build | Lumber Camp |
| 20:01 | Create | Fishing Ship |
| 20:03 | Create | Villager (Male) |
| 20:12 | Build | House |
| 20:41 | Create | Villager (Male) |
| 20:46 | Build | House |
| 20:47 | Build | Palisade Wall |
| 21:08 | Create | Turtle Ship |
| 21:42 | Build | Castle |
| 21:47 | Create | Villager (Male) |
| 22:05 | Create | Turtle Ship |
| 22:08 | Create | Villager (Male) |
| 22:11 | Research | Double-Bit Axe |
| 22:11 | Research | Double-Bit Axe |
| 22:34 | Create | Villager (Male) |
| 23:03 | Create | Villager (Male) |
| 23:09 | Create | War Wagon |
| 23:09 | Create | War Wagon |
| 23:25 | Create | Villager (Male) |
| 23:30 | Research | Bow Saw |
| 23:46 | Create | Fishing Ship |
| 23:49 | Create | Villager (Male) |
| 24:07 | Create | Villager (Male) |
| 24:21 | Create | Turtle Ship |
| 24:52 | Build | Castle |
| 24:53 | Create | Villager (Male) |
| 25:05 | Build | Town Center |
| 25:08 | Create | Villager (Male) |
| 25:26 | Create | Turtle Ship |
| 25:29 | Create | Villager (Male) |
| 25:33 | Create | Villager (Male) |
| 25:52 | Create | Villager (Male) |
| 25:57 | Build | Farm |
| 26:00 | Build | Farm |
| 26:02 | Research | Horse Collar |
| 26:22 | Create | Villager (Male) |
| 26:25 | Build | Farm |
| 26:26 | Create | Villager (Male) |
| 26:38 | Create | Villager (Male) |
| 27:10 | Build | Farm |
| 27:11 | Build | Farm |
| 27:11 | Build | Farm |
| 27:12 | Build | Farm |
| 27:16 | Create | Fishing Ship |
| 27:25 | Create | Villager (Male) |
| 27:30 | Create | Villager (Male) |
| 27:30 | Create | Villager (Male) |
| 27:39 | Create | Villager (Male) |
| 27:40 | Create | Villager (Male) |
| 27:43 | Create | Villager (Male) |
| 27:55 | Create | Villager (Male) |
| 28:03 | Build | Siege Workshop |
| 28:04 | Create | Villager (Male) |
| 28:21 | Create | Villager (Male) |
| 28:24 | Build | Farm |
| 28:29 | Create | Villager (Male) |
| 28:48 | Create | Villager (Male) |
Build order — XxX_Ricardo_2018_Max_XxX
First 150 of 227 actions detected
| 0:08 | Build | Town Center |
| 0:28 | Build | Dock |
| 1:28 | Build | Town Center |
| 1:52 | Build | Palisade Wall |
| 1:54 | Build | Palisade Wall |
| 4:05 | Build | House |
| 4:06 | Create | Villager (Male) |
| 4:06 | Create | Villager (Male) |
| 4:06 | Create | Villager (Male) |
| 4:11 | Create | Villager (Male) |
| 4:11 | Create | Villager (Male) |
| 4:11 | Create | Villager (Male) |
| 4:58 | Build | Palisade Wall |
| 5:00 | Build | Palisade Wall |
| 5:01 | Build | Palisade Wall |
| 5:15 | Build | Palisade Wall |
| 5:23 | Build | Palisade Wall |
| 5:27 | Build | House |
| 5:40 | Create | Villager (Male) |
| 5:40 | Create | Villager (Male) |
| 6:21 | Build | Palisade Wall |
| 6:22 | Build | Palisade Wall |
| 7:00 | Build | House |
| 7:04 | Create | Villager (Male) |
| 7:04 | Create | Villager (Male) |
| 7:07 | Build | Palisade Wall |
| 7:08 | Build | Palisade Wall |
| 7:16 | Build | Palisade Wall |
| 7:17 | Build | Palisade Wall |
| 7:51 | Create | Villager (Male) |
| 7:52 | Create | Villager (Male) |
| 7:53 | Create | Villager (Male) |
| 7:53 | Create | Villager (Male) |
| 8:02 | Create | Fishing Ship |
| 8:26 | Create | Fishing Ship |
| 9:08 | Research | Loom |
| 9:29 | Create | Fishing Ship |
| 9:34 | Create | Villager (Male) |
| 9:35 | Create | Villager (Male) |
| 9:43 | Build | House |
| 9:55 | Build | House |
| 10:04 | Create | Villager (Male) |
| 10:10 | Build | House |
| 10:22 | Build | House |
| 10:25 | Create | Villager (Male) |
| 10:51 | Create | Villager (Male) |
| 10:57 | Build | Lumber Camp |
| 11:04 | Build | Mill |
| 11:08 | Create | Fishing Ship |
| 11:17 | Create | Villager (Male) |
| 11:36 | Build | House |
| 11:41 | Create | Villager (Male) |
| 12:02 | Build | House |
| 12:05 | Build | House |
| 12:15 | Build | Palisade Wall |
| 12:17 | Create | Villager (Male) |
| 12:19 | Create | Villager (Male) |
| 12:33 | Create | Villager (Male) |
| 12:40 | Build | Dock |
| 12:43 | Build | House |
| 12:45 | Build | House |
| 12:47 | Create | Villager (Male) |
| 12:56 | Build | Palisade Wall |
| 12:56 | Create | Villager (Male) |
| 13:19 | Create | Villager (Male) |
| 13:26 | Create | Fishing Ship |
| 13:41 | Create | Villager (Male) |
| 13:41 | Create | Villager (Male) |
| 13:42 | Create | Villager (Male) |
| 13:46 | Build | Mining Camp |
| 14:24 | Create | Villager (Male) |
| 14:31 | Build | Palisade Wall |
| 14:34 | Create | Villager (Male) |
| 14:42 | Create | Villager (Male) |
| 14:45 | Build | House |
| 14:46 | Build | House |
| 14:47 | Build | House |
| 15:04 | Create | Villager (Male) |
| 15:17 | Create | Villager (Male) |
| 15:18 | Create | Villager (Male) |
| 15:30 | Build | Palisade Wall |
| 15:33 | Create | Villager (Male) |
| 15:44 | Build | House |
| 15:46 | Build | Palisade Wall |
| 15:47 | Create | Villager (Male) |
| 16:09 | Create | Villager (Male) |
| 16:12 | Research | Feudal Age |
| 16:27 | Build | Mining Camp |
| 16:32 | Create | Villager (Male) |
| 17:00 | Build | Dock |
| 17:18 | Create | Villager (Male) |
| 18:07 | Build | Farm |
| 18:44 | Age | Feudal Age |
| 18:51 | Build | Town Center |
| 19:25 | Research | Double-Bit Axe |
| 19:26 | Create | Villager (Male) |
| 19:30 | Research | Horse Collar |
| 19:31 | Research | Horse Collar |
| 19:31 | Research | Horse Collar |
| 19:47 | Create | Villager (Male) |
| 20:03 | Create | Villager (Male) |
| 20:22 | Create | Villager (Male) |
| 20:32 | Build | Market |
| 20:34 | Create | Villager (Male) |
| 20:38 | Create | Villager (Male) |
| 20:38 | Create | Villager (Male) |
| 20:38 | Create | Villager (Male) |
| 20:38 | Create | Villager (Male) |
| 20:51 | Create | Villager (Male) |
| 21:01 | Build | Blacksmith |
| 21:28 | Create | Villager (Male) |
| 21:29 | Create | Villager (Male) |
| 21:37 | Create | Villager (Male) |
| 21:59 | Research | Castle Age |
| 22:04 | Build | House |
| 22:12 | Build | Dock |
| 22:23 | Create | Villager (Male) |
| 22:23 | Create | Villager (Male) |
| 22:28 | Create | Unit 2626 |
| 22:29 | Create | Unit 2626 |
| 22:38 | Build | House |
| 22:39 | Create | Villager (Male) |
| 22:56 | Build | House |
| 22:57 | Create | Villager (Male) |
| 23:08 | Create | Unit 2626 |
| 23:08 | Create | Unit 2626 |
| 23:08 | Create | Unit 2626 |
| 23:08 | Create | Unit 2626 |
| 23:28 | Build | House |
| 23:30 | Build | House |
| 23:32 | Build | House |
| 23:35 | Build | House |
| 23:40 | Create | Villager (Male) |
| 24:05 | Create | Villager (Male) |
| 24:06 | Create | Villager (Male) |
| 24:08 | Build | Farm |
| 24:08 | Build | Farm |
| 24:08 | Build | Farm |
| 24:08 | Build | Farm |
| 24:08 | Build | Farm |
| 24:09 | Build | Farm |
| 24:35 | Create | Villager (Male) |
| 24:43 | Build | Lumber Camp |
| 24:44 | Age | Castle Age |
| 24:54 | Build | Castle |
| 24:59 | Build | Lumber Camp |
| 25:02 | Build | Farm |
| 25:02 | Build | Farm |
| 25:02 | Build | Farm |
| 25:02 | Build | Farm |
Build order — [AoT]Drachyr
First 150 of 259 actions detected
| 0:02 | Build | Town Center |
| 2:26 | Create | Villager (Male) |
| 2:26 | Create | Villager (Male) |
| 2:26 | Create | Villager (Male) |
| 2:31 | Build | House |
| 3:12 | Build | Dock |
| 3:26 | Create | Villager (Male) |
| 3:26 | Create | Villager (Male) |
| 3:55 | Build | House |
| 4:14 | Create | Villager (Male) |
| 4:17 | Create | Fishing Ship |
| 4:33 | Build | House |
| 4:41 | Research | Loom |
| 4:57 | Create | Villager (Male) |
| 4:57 | Create | Villager (Male) |
| 4:57 | Create | Villager (Male) |
| 4:57 | Create | Villager (Male) |
| 5:04 | Build | House |
| 5:21 | Create | Villager (Male) |
| 5:21 | Create | Villager (Male) |
| 5:21 | Create | Villager (Male) |
| 5:30 | Create | Fishing Ship |
| 5:30 | Create | Fishing Ship |
| 5:31 | Create | Fishing Ship |
| 5:58 | Create | Villager (Male) |
| 5:58 | Create | Villager (Male) |
| 5:58 | Create | Villager (Male) |
| 6:12 | Create | Fishing Ship |
| 6:12 | Create | Fishing Ship |
| 6:12 | Create | Fishing Ship |
| 6:12 | Create | Fishing Ship |
| 6:12 | Create | Fishing Ship |
| 6:12 | Create | Fishing Ship |
| 6:17 | Create | Villager (Male) |
| 6:17 | Create | Villager (Male) |
| 6:18 | Create | Villager (Male) |
| 6:18 | Create | Villager (Male) |
| 6:37 | Create | Villager (Male) |
| 6:44 | Create | Fishing Ship |
| 6:45 | Create | Fishing Ship |
| 6:50 | Create | Villager (Male) |
| 6:51 | Create | Villager (Male) |
| 6:51 | Create | Villager (Male) |
| 7:19 | Create | Villager (Male) |
| 7:25 | Create | Villager (Male) |
| 7:25 | Create | Villager (Male) |
| 7:34 | Create | Fishing Ship |
| 7:34 | Create | Fishing Ship |
| 7:34 | Create | Fishing Ship |
| 7:34 | Create | Fishing Ship |
| 7:45 | Build | House |
| 8:12 | Create | Fishing Ship |
| 8:12 | Create | Fishing Ship |
| 8:13 | Create | Fishing Ship |
| 8:30 | Build | House |
| 8:31 | Create | Villager (Male) |
| 8:47 | Create | Villager (Male) |
| 9:09 | Create | Villager (Male) |
| 9:13 | Create | Villager (Male) |
| 9:20 | Create | Fishing Ship |
| 9:20 | Create | Fishing Ship |
| 9:20 | Create | Fishing Ship |
| 9:26 | Build | House |
| 10:00 | Create | Villager (Male) |
| 10:10 | Build | Lumber Camp |
| 10:34 | Research | Feudal Age |
| 10:45 | Create | Villager (Male) |
| 11:07 | Build | Mining Camp |
| 12:47 | Age | Feudal Age |
| 12:50 | Create | Villager (Male) |
| 12:57 | Build | Mill |
| 13:02 | Build | Mill |
| 13:14 | Build | Blacksmith |
| 13:16 | Create | Villager (Male) |
| 13:18 | Build | House |
| 13:19 | Build | House |
| 13:30 | Research | Double-Bit Axe |
| 13:38 | Build | Market |
| 13:58 | Create | Villager (Male) |
| 14:16 | Research | Castle Age |
| 14:16 | Research | Castle Age |
| 14:41 | Create | Villager (Male) |
| 14:44 | Build | Barracks |
| 14:51 | Research | Tech 906 |
| 15:25 | Research | Scale Barding Armor |
| 15:47 | Build | Stable |
| 16:35 | Create | Fire Galley |
| 16:46 | Age | Castle Age |
| 16:50 | Create | Knight |
| 16:52 | Create | Villager (Male) |
| 16:58 | Build | Town Center |
| 17:24 | Create | Villager (Male) |
| 17:39 | Create | Villager (Male) |
| 17:42 | Create | Knight |
| 18:01 | Create | Fire Galley |
| 18:05 | Research | Town Watch |
| 18:06 | Build | House |
| 18:09 | Build | House |
| 18:30 | Build | House |
| 18:31 | Build | House |
| 18:31 | Build | House |
| 18:32 | Build | House |
| 18:35 | Create | Villager (Male) |
| 18:35 | Create | Villager (Male) |
| 18:35 | Create | Villager (Male) |
| 18:43 | Create | Villager (Male) |
| 19:01 | Create | Villager (Male) |
| 19:02 | Create | Villager (Male) |
| 19:07 | Build | Town Center |
| 19:10 | Create | Knight |
| 19:11 | Create | Knight |
| 19:12 | Create | Scout Cavalry |
| 19:23 | Create | Villager (Male) |
| 19:23 | Create | Villager (Male) |
| 19:25 | Research | Gillnets |
| 19:39 | Create | Villager (Male) |
| 19:42 | Build | Farm |
| 19:44 | Build | Farm |
| 19:46 | Build | Farm |
| 19:49 | Create | Knight |
| 19:59 | Create | Knight |
| 19:59 | Create | Knight |
| 20:11 | Create | Villager (Male) |
| 20:12 | Create | Villager (Male) |
| 20:22 | Create | Villager (Male) |
| 20:22 | Create | Villager (Male) |
| 20:37 | Build | Farm |
| 20:41 | Build | Siege Workshop |
| 20:47 | Create | Villager (Male) |
| 20:48 | Create | Villager (Male) |
| 20:48 | Create | Villager (Male) |
| 20:48 | Create | Villager (Male) |
| 20:57 | Create | Villager (Male) |
| 20:57 | Create | Villager (Male) |
| 20:57 | Create | Villager (Male) |
| 20:58 | Create | Villager (Male) |
| 21:07 | Build | Farm |
| 21:07 | Build | Farm |
| 21:08 | Build | Farm |
| 21:19 | Create | Mangonel |
| 21:37 | Create | Villager (Male) |
| 21:37 | Create | Villager (Male) |
| 21:37 | Create | Villager (Male) |
| 21:37 | Create | Villager (Male) |
| 22:12 | Create | Villager (Male) |
| 22:15 | Create | Villager (Male) |
| 22:15 | Create | Villager (Male) |
| 22:15 | Create | Villager (Male) |
| 22:15 | Create | Villager (Male) |
| 22:17 | Create | Knight |
Build order — Maech_
First 150 of 200 actions detected
| 0:27 | Build | Town Center |
| 1:23 | Build | Dock |
| 2:13 | Build | Palisade Wall |
| 2:15 | Build | Palisade Wall |
| 2:43 | Create | Villager (Male) |
| 2:43 | Create | Villager (Male) |
| 2:43 | Create | Villager (Male) |
| 2:43 | Create | Villager (Male) |
| 2:44 | Create | Villager (Male) |
| 2:50 | Research | Loom |
| 2:50 | Create | Villager (Male) |
| 3:30 | Create | Villager (Male) |
| 3:30 | Create | Villager (Male) |
| 3:41 | Create | Fishing Ship |
| 3:50 | Build | House |
| 4:11 | Create | Villager (Male) |
| 4:32 | Build | Palisade Wall |
| 4:40 | Build | Palisade Wall |
| 4:43 | Build | Palisade Wall |
| 4:47 | Build | Palisade Wall |
| 4:54 | Build | Palisade Wall |
| 5:15 | Build | Palisade Wall |
| 5:44 | Create | Villager (Male) |
| 5:45 | Create | Villager (Male) |
| 5:52 | Create | Fishing Ship |
| 5:56 | Build | House |
| 6:03 | Build | House |
| 6:44 | Create | Villager (Male) |
| 6:49 | Build | House |
| 6:59 | Create | Fishing Ship |
| 7:00 | Create | Fishing Ship |
| 7:18 | Build | Palisade Wall |
| 7:35 | Create | Villager (Male) |
| 7:35 | Create | Villager (Male) |
| 7:36 | Create | Villager (Male) |
| 7:54 | Create | Villager (Male) |
| 8:08 | Create | Villager (Male) |
| 8:31 | Create | Villager (Male) |
| 8:31 | Create | Villager (Male) |
| 8:36 | Create | Fishing Ship |
| 9:00 | Create | Villager (Male) |
| 9:09 | Create | Villager (Male) |
| 9:22 | Build | House |
| 9:33 | Create | Fishing Ship |
| 9:41 | Build | House |
| 9:46 | Create | Villager (Male) |
| 9:54 | Build | Palisade Wall |
| 10:26 | Build | House |
| 10:26 | Create | Villager (Male) |
| 10:54 | Create | Villager (Male) |
| 10:55 | Create | Villager (Male) |
| 11:05 | Build | Dock |
| 11:47 | Build | Mining Camp |
| 12:25 | Research | Feudal Age |
| 12:31 | Create | Fishing Ship |
| 13:18 | Build | Dock |
| 13:40 | Create | Villager (Male) |
| 14:05 | Build | House |
| 14:16 | Create | Fishing Ship |
| 14:16 | Create | Fishing Ship |
| 14:35 | Create | Villager (Male) |
| 14:35 | Age | Feudal Age |
| 14:44 | Build | House |
| 14:47 | Build | Palisade Wall |
| 15:04 | Create | Villager (Male) |
| 15:14 | Create | Unit 2626 |
| 15:14 | Create | Unit 2626 |
| 15:16 | Create | Villager (Male) |
| 15:31 | Build | Blacksmith |
| 15:50 | Create | Villager (Male) |
| 16:16 | Create | Fishing Ship |
| 16:17 | Create | Fishing Ship |
| 16:19 | Create | Villager (Male) |
| 16:34 | Create | Villager (Male) |
| 16:38 | Create | Villager (Male) |
| 16:49 | Build | Mill |
| 16:49 | Create | Villager (Male) |
| 17:04 | Create | Unit 2626 |
| 17:04 | Create | Unit 2626 |
| 17:04 | Create | Unit 2626 |
| 17:06 | Create | Villager (Male) |
| 17:28 | Build | House |
| 17:35 | Build | Palisade Gate |
| 17:46 | Create | Fire Galley |
| 18:03 | Create | Fire Galley |
| 18:09 | Create | Villager (Male) |
| 18:36 | Build | Market |
| 18:38 | Create | Villager (Male) |
| 18:45 | Build | House |
| 18:47 | Build | House |
| 18:50 | Build | Palisade Wall |
| 19:11 | Build | Lumber Camp |
| 19:22 | Research | Castle Age |
| 19:39 | Build | Mining Camp |
| 20:10 | Build | Mining Camp |
| 20:17 | Create | Demolition Raft |
| 21:20 | Create | Fire Galley |
| 21:21 | Create | Unit 2626 |
| 21:26 | Create | Fire Galley |
| 21:27 | Create | Unit 2626 |
| 21:32 | Research | Fletching |
| 21:41 | Research | Gold Mining |
| 21:44 | Research | Stone Mining |
| 21:47 | Create | Fishing Ship |
| 22:15 | Age | Castle Age |
| 22:23 | Research | War Galley (upgrade) |
| 22:28 | Create | Villager (Male) |
| 22:46 | Create | Villager (Male) |
| 23:07 | Create | Villager (Male) |
| 23:16 | Build | Town Center |
| 23:22 | Create | Villager (Male) |
| 23:26 | Research | Bodkin Arrow |
| 23:48 | Create | Villager (Male) |
| 23:49 | Create | Villager (Male) |
| 23:52 | Research | Double-Bit Axe |
| 23:52 | Research | Double-Bit Axe |
| 24:28 | Create | Villager (Male) |
| 24:39 | Create | Villager (Male) |
| 24:55 | Build | Castle |
| 25:22 | Create | Villager (Male) |
| 25:22 | Create | Villager (Male) |
| 25:30 | Research | Padded Archer Armor |
| 25:32 | Create | Villager (Male) |
| 25:33 | Create | Villager (Male) |
| 25:34 | Create | Villager (Male) |
| 25:38 | Build | Farm |
| 25:39 | Build | Farm |
| 25:41 | Research | Horse Collar |
| 26:16 | Build | Castle |
| 26:25 | Create | Villager (Male) |
| 26:39 | Build | Mill |
| 26:40 | Create | Villager (Male) |
| 26:42 | Create | Villager (Male) |
| 26:42 | Create | Villager (Male) |
| 27:04 | Create | Rattan Archer |
| 27:04 | Create | Rattan Archer |
| 27:04 | Create | Rattan Archer |
| 27:05 | Create | Rattan Archer |
| 27:06 | Create | Villager (Male) |
| 27:17 | Create | Rattan Archer |
| 27:18 | Create | Rattan Archer |
| 27:18 | Create | Rattan Archer |
| 27:18 | Create | Rattan Archer |
| 27:19 | Create | Rattan Archer |
| 27:31 | Create | Villager (Male) |
| 27:35 | Build | Lumber Camp |
| 27:36 | Create | Rattan Archer |
| 27:37 | Create | Rattan Archer |
| 27:48 | Create | Villager (Male) |
| 27:49 | Create | Villager (Male) |
Match timeline
| 0:28 | XxX_Ricardo_2018_Max_XxX · first_building Dock |
| 0:43 | [AoT]DerPhysiker · first_building Dock |
| 1:20 | Malthael · first_building Dock |
| 1:23 | Maech_ · first_building Dock |
| 1:34 | low_eco_legends · first_building Dock |
| 1:52 | XxX_Ricardo_2018_Max_XxX · wall_segment Palisade Wall x1 |
| 1:54 | XxX_Ricardo_2018_Max_XxX · wall_segment Palisade Wall x1 |
| 2:13 | Maech_ · wall_segment Palisade Wall x1 |
| 2:15 | Maech_ · wall_segment Palisade Wall x1 |
| 3:12 | [AoT]Drachyr · first_building Dock |
| 3:17 | [AoT]DerPhysiker · wall_segment Palisade Wall x1 |
| 4:32 | Maech_ · wall_segment Palisade Wall x1 |
| 4:40 | Maech_ · wall_segment Palisade Wall x1 |
| 4:43 | Maech_ · wall_segment Palisade Wall x1 |
| 4:47 | Maech_ · wall_segment Palisade Wall x1 |
| 4:54 | Maech_ · wall_segment Palisade Wall x1 |
| 4:58 | XxX_Ricardo_2018_Max_XxX · wall_segment Palisade Wall x1 |
| 5:00 | XxX_Ricardo_2018_Max_XxX · wall_segment Palisade Wall x1 |
| 5:01 | XxX_Ricardo_2018_Max_XxX · wall_segment Palisade Wall x1 |
| 5:15 | Maech_ · wall_segment Palisade Wall x1 |
| 5:15 | XxX_Ricardo_2018_Max_XxX · wall_segment Palisade Wall x1 |
| 5:23 | XxX_Ricardo_2018_Max_XxX · wall_segment Palisade Wall x1 |
| 6:21 | XxX_Ricardo_2018_Max_XxX · wall_segment Palisade Wall x1 |
| 6:22 | XxX_Ricardo_2018_Max_XxX · wall_segment Palisade Wall x1 |
| 7:07 | XxX_Ricardo_2018_Max_XxX · wall_segment Palisade Wall x1 |
| 7:08 | XxX_Ricardo_2018_Max_XxX · wall_segment Palisade Wall x1 |
| 7:16 | XxX_Ricardo_2018_Max_XxX · wall_segment Palisade Wall x1 |
| 7:17 | XxX_Ricardo_2018_Max_XxX · wall_segment Palisade Wall x1 |
| 7:18 | Maech_ · wall_segment Palisade Wall x1 |
| 9:54 | Maech_ · wall_segment Palisade Wall x3 |
| 10:02 | [AoT]DerPhysiker · wall_segment Palisade Wall x1 |
| 10:03 | [AoT]DerPhysiker · wall_segment Palisade Wall x1 |
| 10:50 | [AoT]DerPhysiker · wall_segment Palisade Wall x3 |
| 12:05 | [AoT]DerPhysiker · wall_segment Palisade Wall x1 |
| 12:15 | XxX_Ricardo_2018_Max_XxX · wall_segment Palisade Wall x3 |
| 12:47 | [AoT]Drachyr · age_up feudal |
| 12:56 | XxX_Ricardo_2018_Max_XxX · wall_segment Palisade Wall x11 |
| 13:13 | Malthael · age_up feudal |
| 13:26 | low_eco_legends · age_up feudal |
| 13:54 | [AoT]DerPhysiker · age_up feudal |
| 14:31 | XxX_Ricardo_2018_Max_XxX · wall_segment Palisade Wall x11 |
| 14:35 | Maech_ · age_up feudal |
| 14:44 | [AoT]Drachyr · first_building Barracks |
| 14:47 | Maech_ · wall_segment Palisade Wall x1 |
| 14:48 | Malthael · first_market_sell 100 food |
| 15:30 | XxX_Ricardo_2018_Max_XxX · wall_segment Palisade Wall x9 |
| 15:46 | XxX_Ricardo_2018_Max_XxX · wall_segment Palisade Wall x8 |
| 15:47 | [AoT]Drachyr · first_building Stable |
| 16:46 | [AoT]Drachyr · age_up castle |
| 16:51 | [AoT]DerPhysiker · first_market_sell 100 food |
| 17:11 | low_eco_legends · first_market_sell 100 wood |
| 17:13 | low_eco_legends · first_market_buy 100 food |
| 17:33 | Malthael · age_up castle |
| 18:44 | XxX_Ricardo_2018_Max_XxX · age_up feudal |
| 18:50 | Maech_ · wall_segment Palisade Wall x1 |
| 19:04 | Malthael · wall_segment Palisade Wall x1 |
| 19:06 | Malthael · wall_segment Palisade Wall x1 |
| 19:09 | Malthael · wall_segment Palisade Wall x1 |
| 19:16 | Malthael · first_building Castle |
| 19:39 | [AoT]DerPhysiker · age_up castle |
| 19:53 | low_eco_legends · age_up castle |
| 20:32 | Malthael · first_building Monastery |
| 20:41 | [AoT]Drachyr · first_building Siege Workshop |
| 20:47 | [AoT]DerPhysiker · wall_segment Palisade Wall x1 |
| 21:42 | [AoT]DerPhysiker · first_building Castle |
| 22:01 | low_eco_legends · wall_segment Palisade Wall x1 |
| 22:07 | low_eco_legends · wall_segment Palisade Wall x1 |
| 22:09 | low_eco_legends · wall_segment Palisade Wall x1 |
| 22:13 | low_eco_legends · first_building Monastery |
| 22:15 | Maech_ · age_up castle |
| 22:37 | [AoT]Drachyr · first_building Monastery |
| 22:46 | Malthael · first_building Siege Workshop |
| 24:44 | XxX_Ricardo_2018_Max_XxX · age_up castle |
| 24:54 | XxX_Ricardo_2018_Max_XxX · first_building Castle |
| 24:55 | Maech_ · first_building Castle |
| 25:20 | XxX_Ricardo_2018_Max_XxX · first_building Monastery |
| 25:25 | [AoT]Drachyr · first_market_buy 100 food |
| 25:44 | Malthael · first_market_buy 100 wood |
| 25:58 | Maech_ · first_market_buy 100 stone |
| 27:14 | Maech_ · first_market_sell 100 wood |
| 27:28 | [AoT]DerPhysiker · first_market_buy 100 food |
| 27:42 | [AoT]Drachyr · first_building Castle |
| 27:42 | low_eco_legends · first_building Barracks |
| 28:03 | [AoT]DerPhysiker · first_building Siege Workshop |
| 28:37 | [AoT]Drachyr · first_market_sell 500 wood |
| 29:20 | low_eco_legends · first_building Siege Workshop |
| 30:28 | XxX_Ricardo_2018_Max_XxX · first_building Siege Workshop |
| 30:33 | Maech_ · first_building Siege Workshop |
| 31:46 | [AoT]Drachyr · age_up imperial |
| 31:57 | XxX_Ricardo_2018_Max_XxX · resign |
[ AI ANALYSIS · 1 CREDIT ]
What really happened in this match?
Wolo.gg analyzes every decision: build order, eco, micro, common mistakes by bracket. Personalized analysis on WhatsApp or Discord in 30 seconds.
Civ guide
Italians
Perfil
Jugador #212089